PA
SOUTH BEACH BLAZE @ PROVO MANGO
08/23/2037
 
TOP OF THE 1ST
South Beach Blaze batting - Pitching for Provo Mango : RHP Tao Seto
Pitching: RHP Tao Seto
Batting: LHB Fernando Flores 0-0: Called Strike
0-1: Ground out 3-1 (Groundball, 34, EV 110.6 MPH)
Batting: LHB Ken Rodríguez 0-0: Called Strike
0-1: Called Strike
0-2: Strikes out swinging
Batting: LHB Roldăo Cintra 0-0: Ball
1-0: Called Strike
1-1: Ground out 4-3 (Groundball, 4, EV 105.6 MPH)
Top of the 1st over - 0 runs, 0 hits, 0 errors, 0 left on base; South Beach 0 - Provo 0
BOTTOM OF THE 1ST
Provo Mango batting - Pitching for South Beach Blaze : LHP Noah Walker
Pitching: LHP Noah Walker
Batting: RHB Ding-bong Wang 0-0: Ball
1-0: Ball
2-0: Bunted foul
2-1: Called Strike
2-2: DOUBLE (Line Drive, 7LS, EV 100.6 MPH)
Batting: RHB Charley Foijens 0-0: Called Strike
0-1: Ball
1-1: Ground out 3-1 (Groundball, 34, EV 90.0 MPH)
Ding-bong Wang to third
Batting: LHB Chan-ho Shinn 0-0: Foul Ball, location: 2F
0-1: Ball
1-1: Foul Ball, location: 2F
1-2: Ball
2-2: 2-RUN HOME RUN (Flyball, 9LD, EV 93.1 MPH), Distance : 353 ft
Batting: RHB Jesús Espinoza 0-0: Ball
1-0: Called Strike
1-1: Ball
2-1: Ground out 4-3 (Groundball, 4S, EV 75.0 MPH)
Batting: RHB Paul Prichard 0-0: Ball
1-0: Ground out 5-3 (Groundball, 56S, EV 86.2 MPH)
Bottom of the 1st over - 2 runs, 2 hits, 0 errors, 0 left on base; South Beach 0 - Provo 2
TOP OF THE 2ND
South Beach Blaze batting - Pitching for Provo Mango : RHP Tao Seto
Batting: SHB Jae-woo Ohm 0-0: Ball
1-0: Foul Ball, location: 2F
1-1: Fly out, F9 (Line Drive, 9, EV 88.8 MPH)
Batting: LHB Domingo Ramos 0-0: Ball
1-0: Ball
2-0: Called Strike
2-1: Ball
3-1: Base on Balls
Batting: RHB Rovilson Rosete 0-0: Foul Ball, location: 2F
0-1: Fly out, F8 (Flyball, 8LXD, EV 93.1 MPH)
Batting: RHB Carlos Miranda 0-0: Foul Ball, location: 2F
0-1: Ball
1-1: Ball
2-1: Foul Ball, location: 2F
2-2: Foul Ball, location: 2F
2-2: Strikes out swinging
Top of the 2nd over - 0 runs, 0 hits, 0 errors, 1 left on base; South Beach 0 - Provo 2
BOTTOM OF THE 2ND
Provo Mango batting - Pitching for South Beach Blaze : LHP Noah Walker
Batting: LHB Braxton Cottongame 0-0: Called Strike
0-1: Fly out, F8 (Flyball, 89M, EV 92.5 MPH)
Batting: LHB Yin-fat Fou 0-0: Ball
1-0: SINGLE (Groundball, 34D, EV 100.6 MPH)
Batting: RHB Daniel Woods 0-0: Called Strike
0-1: Swinging Strike
0-2: Strikes out swinging
Batting: SHB Will Hamilton 0-0: Ball
1-0: Ground out 4-3 (Groundball, 4, EV 85.0 MPH)
Bottom of the 2nd over - 0 runs, 1 hit, 0 errors, 1 left on base; South Beach 0 - Provo 2
TOP OF THE 3RD
South Beach Blaze batting - Pitching for Provo Mango : RHP Tao Seto
Batting: RHB John Jankila 0-0: Ball
1-0: Foul Ball, location: 2F
1-1: Foul Ball, location: 2F
1-2: Ball
2-2: Foul Ball, location: 2F
2-2: Ball
3-2: DOUBLE (Line Drive, 3D, EV 101.9 MPH)
Batting: RHB Orlando Pérez 0-0: Called Strike
0-1: Foul Ball, location: 2F
0-2: Ball
1-2: DOUBLE (Groundball, 3L, EV 105.6 MPH)
John Jankila scores
Batting: LHB Fernando Flores 0-0: SINGLE (Groundball, 3D, EV 103.8 MPH)
Orlando Pérez to third
Batting: LHB Ken Rodríguez 0-0: Ball
1-0: Swinging Strike
1-1: Ball
2-1: Ball
3-1: Swinging Strike
3-2: Foul Ball, location: 2F
3-2: Fly out, F8 (Flyball, 8LS, EV 85.6 MPH)
Batting: LHB Roldăo Cintra 0-0: Ball
1-0: Called Strike
1-1: Ball
2-1: Called Strike
2-2: Ball
3-2: Fly out, F7 (Line Drive, 7, EV 91.2 MPH)
Runner from 3rd tags up, OUT at HOME! 7-2
Top of the 3rd over - 1 run, 3 hits, 0 errors, 1 left on base; South Beach 1 - Provo 2
BOTTOM OF THE 3RD
Provo Mango batting - Pitching for South Beach Blaze : LHP Noah Walker
Batting: RHB Ding-bong Wang 0-0: Bunted foul
0-1: Ball
1-1: Ground out 4-3 (Groundball, 4, EV 90.6 MPH)
Batting: RHB Charley Foijens 0-0: Ball
1-0: Foul Ball, location: 2F
1-1: Swinging Strike
1-2: Ball
2-2: SINGLE (Groundball, 56, EV 103.1 MPH)
Batting: LHB Chan-ho Shinn 0-0: Called Strike
0-1: Called Strike
0-2: Strikes out swinging
Batting: RHB Jesús Espinoza 0-0: Ball
1-0: Ball
2-0: Fly out, F4 (Popup, 34, EV 80.0 MPH)
Bottom of the 3rd over - 0 runs, 1 hit, 0 errors, 1 left on base; South Beach 1 - Provo 2
TOP OF THE 4TH
South Beach Blaze batting - Pitching for Provo Mango : RHP Tao Seto
Batting: SHB Jae-woo Ohm 0-0: Ball
1-0: SINGLE (Line Drive, 89S, EV 98.8 MPH)
Batting: LHB Domingo Ramos 0-0: SINGLE (Groundball, 34D, EV 104.4 MPH)
Jae-woo Ohm to second
Runner from 2nd tries for 3rd, SAFE, throw by RF made to third
Batting: RHB Rovilson Rosete 0-0: Ball
1-0: Called Strike
1-1: Grounds into double play, 6-4-3 (Groundball, 6, EV 78.1 MPH)
Jae-woo Ohm scores
Batting: RHB Carlos Miranda 0-0: Foul Ball, location: 2F
0-1: Ball
1-1: Foul Ball, location: 2F
1-2: Strikes out looking
Top of the 4th over - 1 run, 2 hits, 0 errors, 0 left on base; South Beach 2 - Provo 2
BOTTOM OF THE 4TH
Provo Mango batting - Pitching for South Beach Blaze : LHP Noah Walker
Batting: RHB Paul Prichard 0-0: Ball
1-0: Ball
2-0: Fly out, F8 (Flyball, 8RS, EV 82.5 MPH)
Batting: LHB Braxton Cottongame 0-0: Called Strike
0-1: Swinging Strike
0-2: Ball
1-2: Strikes out swinging
Batting: LHB Yin-fat Fou 0-0: Ball
1-0: SINGLE (Flyball, 7S, EV 92.5 MPH)
Batting: RHB Daniel Woods 0-0: Called Strike
0-1: Ground out 5-3 (Groundball, 56S, EV 86.9 MPH)
Bottom of the 4th over - 0 runs, 1 hit, 0 errors, 1 left on base; South Beach 2 - Provo 2
TOP OF THE 5TH
South Beach Blaze batting - Pitching for Provo Mango : RHP Tao Seto
Batting: RHB John Jankila 0-0: SINGLE (Groundball, 34D, EV 98.1 MPH)
Batting: RHB Orlando Pérez 0-0: Ball
John Jankila steals 2nd base (no throw)
1-0: Ball
2-0: Ball
3-0: Swinging Strike
3-1: Called Strike
3-2: Base on Balls
Batting: LHB Fernando Flores 0-0: Called Strike
0-1: Ball
1-1: Foul Ball, location: 2F
1-2: Ball
2-2: Fly out, F7 (Flyball, 7S, EV 86.2 MPH)
Batting: LHB Ken Rodríguez 0-0: Foul Ball, location: 2F
0-1: Ball
1-1: Foul Ball, location: 2F
1-2: Grounds into double play, 6-4-3 (Groundball, 6, EV 82.5 MPH)
Top of the 5th over - 0 runs, 1 hit, 0 errors, 1 left on base; South Beach 2 - Provo 2
BOTTOM OF THE 5TH
Provo Mango batting - Pitching for South Beach Blaze : LHP Noah Walker
Batting: SHB Will Hamilton 0-0: Ball
1-0: Fly out, F7 (Flyball, 7LS, EV 79.4 MPH)
Batting: RHB Ding-bong Wang 0-0: Called Strike
0-1: Ground out 5-3 (Groundball, 56, EV 83.8 MPH)
Batting: RHB Charley Foijens 0-0: Ground out 6-3 (Groundball, 6, EV 102.5 MPH)
Bottom of the 5th over - 0 runs, 0 hits, 0 errors, 0 left on base; South Beach 2 - Provo 2
TOP OF THE 6TH
South Beach Blaze batting - Pitching for Provo Mango : RHP Tao Seto
Batting: LHB Roldăo Cintra 0-0: Ball
1-0: Called Strike
1-1: Foul Ball, location: 2F
1-2: Ball
2-2: Strikes out swinging
Batting: SHB Jae-woo Ohm 0-0: Fly out, F8 (Flyball, 78S, EV 90.0 MPH)
Batting: LHB Domingo Ramos 0-0: Called Strike
0-1: Foul Ball, location: 2F
0-2: Ground out 4-3 (Groundball, 4D, EV 80.6 MPH)
Top of the 6th over - 0 runs, 0 hits, 0 errors, 0 left on base; South Beach 2 - Provo 2
BOTTOM OF THE 6TH
Provo Mango batting - Pitching for South Beach Blaze : LHP Noah Walker
Batting: LHB Chan-ho Shinn 0-0: Ball
1-0: Ball
2-0: Ball
3-0: Base on Balls
Batting: RHB Jesús Espinoza 0-0: Foul Ball, location: 2F
0-1: Swinging Strike
0-2: Ball
1-2: Strikes out swinging
Batting: RHB Paul Prichard 0-0: Ball
1-0: Called Strike
1-1: Ball
2-1: Hit by Pitch
Chan-ho Shinn to second
Batting: LHB Braxton Cottongame 0-0: Called Strike
0-1: Ball
1-1: Ball
2-1: Ball
3-1: Foul Ball, location: 2F
3-2: Base on Balls
Chan-ho Shinn to third
Paul Prichard to second
Batting: LHB Yin-fat Fou 0-0: Called Strike
0-1: Ball
1-1: Ball
2-1: Ball
3-1: Grounds into double play, 4-6-3 (Groundball, 4, EV 104.4 MPH)
Bottom of the 6th over - 0 runs, 0 hits, 0 errors, 2 left on base; South Beach 2 - Provo 2
TOP OF THE 7TH
South Beach Blaze batting - Pitching for Provo Mango : RHP Tao Seto
Batting: RHB Rovilson Rosete 0-0: Ball
1-0: Fly out, F6 (Popup, 6MD, EV 68.8 MPH)
Batting: RHB Carlos Miranda 0-0: Called Strike
0-1: Called Strike
0-2: Ball
1-2: Ball
2-2: Fly out, F7 (Flyball, 78D, EV 71.9 MPH)
Batting: RHB John Jankila 0-0: Ball
1-0: Called Strike
1-1: Foul Ball, location: 2F
1-2: Ground out 4-3 (Groundball, 34, EV 102.5 MPH)
Top of the 7th over - 0 runs, 0 hits, 0 errors, 0 left on base; South Beach 2 - Provo 2
BOTTOM OF THE 7TH
Provo Mango batting - Pitching for South Beach Blaze : LHP Noah Walker
Batting: RHB Daniel Woods 0-0: Fly out, F7 (Flyball, 7S, EV 84.4 MPH)
Batting: SHB Will Hamilton 0-0: Ball
1-0: SOLO HOME RUN (Flyball, 7LD, EV 96.2 MPH), Distance : 369 ft
Batting: RHB Ding-bong Wang 0-0: Called Strike
0-1: Fly out, F5 (Line Drive, 5, EV 69.4 MPH)
Batting: RHB Charley Foijens 0-0: Foul Ball, location: 2F
0-1: Ball
1-1: Ball
2-1: Ball
3-1: SINGLE (Groundball, 34D, EV 103.8 MPH)
Pitching: RHP Kuang-yin Tsou
Batting: LHB Chan-ho Shinn 0-0: Called Strike
Charley Foijens is caught stealing 2nd base 2-6
Bottom of the 7th over - 1 run, 2 hits, 0 errors, 0 left on base; South Beach 2 - Provo 3
TOP OF THE 8TH
South Beach Blaze batting - Pitching for Provo Mango : RHP Tao Seto
Pitching: RHP Danny Zegwaard
Batting: RHB Orlando Pérez 0-0: Swinging Strike
0-1: Foul Ball, location: 2F
0-2: Ball
1-2: Strikes out looking
Batting: LHB Fernando Flores 0-0: Ball
1-0: Swinging Strike
1-1: Swinging Strike
1-2: Single, Error in OF, E8, batter to second base (Groundball, 6D, EV 94.4 MPH)
Batting: LHB Ken Rodríguez 0-0: Ball
1-0: Ball
2-0: Ball
3-0: Base on Balls
Pinch Runner at 2nd Pedro Navarro:
Pinch Hitting: LHB Tomislav Jovovich 0-0: Ball
1-0: Fly out, F6 (Popup, 6MD, EV 65.6 MPH)
Batting: SHB Jae-woo Ohm 0-0: Called Strike
0-1: Ball
1-1: Ball
2-1: Ball
3-1: Base on Balls
Pedro Navarro to third
Ken Rodríguez to second
Batting: LHB Domingo Ramos 0-0: Ball
1-0: Ball
2-0: Ball
3-0: Called Strike
3-1: Foul Ball, location: 2F
3-2: Foul Ball, location: 2F
3-2: Ground out 6-3 (Groundball, 6, EV 103.1 MPH)
Top of the 8th over - 0 runs, 1 hit, 1 error, 3 left on base; South Beach 2 - Provo 3
BOTTOM OF THE 8TH
Provo Mango batting - Pitching for South Beach Blaze : RHP Kuang-yin Tsou
Now in LF: Pedro Navarro
Now in RF: Su-min Im
Batting: LHB Chan-ho Shinn 0-0: Foul Ball, location: 2F
0-1: Ball
1-1: Swinging Strike
1-2: Foul Ball, location: 2F
1-2: Strikes out looking
Batting: RHB Jesús Espinoza 0-0: Ball
1-0: Ball
2-0: Ball
3-0: Called Strike
3-1: Foul Ball, location: 2F
3-2: Foul Ball, location: 2F
3-2: Foul Ball, location: 2F
3-2: Strikes out looking
Batting: RHB Paul Prichard 0-0: Ball
1-0: SOLO HOME RUN (Flyball, 89XD, EV 104.4 MPH), Distance : 434 ft
Batting: LHB Braxton Cottongame 0-0: Fly out, F9 (Flyball, 89M, EV 91.2 MPH)
Bottom of the 8th over - 1 run, 1 hit, 0 errors, 0 left on base; South Beach 2 - Provo 4
TOP OF THE 9TH
South Beach Blaze batting - Pitching for Provo Mango : RHP Danny Zegwaard
Pitching: LHP Walt Hart
Now at 1B: Quinn Lynch
Batting: RHB Rovilson Rosete 0-0: Ball
1-0: Ball
2-0: Called Strike
2-1: Foul Ball, location: 2F
2-2: Strikes out swinging
Batting: RHB Carlos Miranda 0-0: Foul Ball, location: 2F
0-1: Ball
1-1: Ball
2-1: Swinging Strike
2-2: Strikes out swinging
Batting: RHB John Jankila 0-0: Ball
1-0: Foul Ball, location: 2F
1-1: Foul Ball, location: 2F
1-2: Fly out, F8 (Line Drive, 8RD, EV 96.2 MPH)
Top of the 9th over - 0 runs, 0 hits, 0 errors, 0 left on base; South Beach 2 - Provo 4
Thursday, January 23rd, 2020 - OOTP Baseball 20.8 Build 74